[ PARTIDA AOE2 · #488543993 ]
1v1 RMVietnamitas vs Bulgarians
Equipo del jugador · DERR
Equipo rival · VICT
[ ANÁLISIS DE REPETICIÓN · EXTRAÍDO DE LA PARTIDA GRABADA ]
Feudal
11:35
Castillos
24:25
Imperial
41:56
| APM promedio | 45.5 |
| APM pico | 100 |
| eAPM promedio | 24.3 |
| Aldeanos / militares | 201 / 173 |
Foco
⚔️ 33.0% · 🌾 67.0%
Fire Lancer ×96 · Rattan Archer ×49 · Archer ×8 · Trebuchet (Packed) ×7 · Fishing Ship ×5 · Demolition Raft ×4
Feudal
9:50
Castillos
25:59
Imperial
42:29
| APM promedio | 44.5 |
| APM pico | 89 |
| eAPM promedio | 23.0 |
| Aldeanos / militares | 141 / 240 |
Foco
⚔️ 36.7% · 🌾 63.3%
Knight ×143 · Militia ×80 · Unknown (2626) ×7 · Trebuchet (Packed) ×6 · Scout Cavalry ×5 · Monk ×2
Mapa de la partida
Recursos iniciales + cada clic de construcción. Líneas = muros · curvas = relieve. ◆ oro · ⬟ piedra · ● bayas · ✦ reliquia · ◌ hueco del cierre
Tu base· Abierta — hueco de 2t
Base de DukeOfShadows· Abierta — hueco de 11t
Terreno inicial suavizado · ◌ = hueco del cierre detectado · pasá el cursor para detalles
Inputs por minuto
— Cranve - - DukeOfShadows
Build order — Cranve
Primeras 150 de 487 acciones detectadas
| 0:46 | Crear | Villager (Male) |
| 0:46 | Crear | Villager (Male) |
| 0:47 | Crear | Villager (Male) |
| 0:47 | Crear | Villager (Male) |
| 0:48 | Construir | House |
| 0:50 | Construir | House |
| 2:16 | Crear | Villager (Male) |
| 2:40 | Construir | Lumber Camp |
| 2:53 | Crear | Villager (Male) |
| 2:53 | Crear | Villager (Male) |
| 3:07 | Crear | Villager (Male) |
| 3:25 | Construir | House |
| 3:26 | Construir | House |
| 3:51 | Crear | Villager (Male) |
| 4:14 | Crear | Villager (Male) |
| 4:14 | Crear | Villager (Male) |
| 4:46 | Crear | Villager (Male) |
| 5:02 | Crear | Villager (Male) |
| 5:08 | Crear | Villager (Male) |
| 5:56 | Crear | Villager (Male) |
| 5:56 | Crear | Villager (Male) |
| 6:26 | Crear | Villager (Male) |
| 6:50 | Crear | Villager (Male) |
| 6:50 | Crear | Villager (Male) |
| 6:58 | Construir | House |
| 7:01 | Crear | Villager (Male) |
| 7:05 | Construir | Dock |
| 7:42 | Crear | Villager (Male) |
| 7:50 | Crear | Fishing Ship |
| 8:43 | Investigar | Loom |
| 8:59 | Crear | Fishing Ship |
| 8:59 | Crear | Fishing Ship |
| 9:01 | Crear | Villager (Male) |
| 9:24 | Investigar | Feudal Age |
| 9:35 | Crear | Fishing Ship |
| 10:04 | Crear | Fishing Ship |
| 10:36 | Construir | Mining Camp |
| 10:41 | Construir | House |
| 10:42 | Construir | House |
| 10:47 | Construir | Palisade Wall |
| 10:49 | Construir | House |
| 10:50 | Construir | House |
| 11:10 | Construir | Palisade Wall |
| 11:35 | Edad | Edad Feudal |
| 11:37 | Crear | Villager (Male) |
| 11:38 | Crear | Villager (Male) |
| 11:46 | Construir | Lumber Camp |
| 11:51 | Crear | Villager (Male) |
| 12:06 | Construir | Palisade Wall |
| 12:11 | Construir | Palisade Wall |
| 12:14 | Crear | Villager (Male) |
| 12:24 | Construir | House |
| 12:40 | Investigar | Double-Bit Axe |
| 12:46 | Construir | House |
| 12:52 | Construir | House |
| 13:05 | Crear | Villager (Male) |
| 13:22 | Crear | Villager (Male) |
| 13:33 | Construir | Watch Tower |
| 13:48 | Construir | Mining Camp |
| 13:57 | Construir | Mill |
| 13:58 | Crear | Villager (Male) |
| 14:00 | Construir | House |
| 14:01 | Construir | Palisade Wall |
| 14:02 | Construir | Palisade Wall |
| 14:22 | Construir | Barracks |
| 14:23 | Crear | Villager (Male) |
| 14:38 | Construir | House |
| 14:42 | Crear | Villager (Male) |
| 14:59 | Construir | Watch Tower |
| 15:12 | Crear | Villager (Male) |
| 15:31 | Construir | Palisade Wall |
| 15:51 | Construir | Archery Range |
| 15:54 | Crear | Villager (Male) |
| 16:10 | Crear | Villager (Male) |
| 16:42 | Crear | Villager (Male) |
| 17:21 | Crear | Villager (Male) |
| 17:23 | Crear | Villager (Male) |
| 17:25 | Crear | Archer |
| 17:25 | Crear | Archer |
| 18:01 | Crear | Villager (Male) |
| 18:11 | Crear | Villager (Male) |
| 18:23 | Crear | Villager (Male) |
| 19:01 | Crear | Villager (Male) |
| 19:06 | Crear | Villager (Male) |
| 19:27 | Crear | Villager (Male) |
| 19:47 | Crear | Villager (Male) |
| 20:26 | Construir | Market |
| 20:26 | Crear | Villager (Male) |
| 20:39 | Crear | Archer |
| 20:39 | Crear | Archer |
| 20:52 | Construir | House |
| 21:02 | Construir | House |
| 21:03 | Crear | Archer |
| 21:04 | Crear | Archer |
| 21:10 | Construir | House |
| 21:39 | Investigar | Castle Age |
| 21:47 | Crear | Archer |
| 21:51 | Construir | Farm |
| 21:54 | Construir | Farm |
| 22:01 | Construir | Farm |
| 22:02 | Crear | Villager (Male) |
| 22:16 | Crear | Demolition Raft |
| 22:23 | Construir | Farm |
| 22:29 | Crear | Archer |
| 22:41 | Construir | Farm |
| 22:44 | Crear | Villager (Male) |
| 22:47 | Construir | Farm |
| 22:57 | Crear | Demolition Raft |
| 23:15 | Construir | Farm |
| 23:24 | Construir | Outpost |
| 23:55 | Crear | Demolition Raft |
| 24:00 | Crear | Villager (Male) |
| 24:08 | Construir | Blacksmith |
| 24:25 | Edad | Edad de los Castillos |
| 24:36 | Crear | Villager (Male) |
| 24:42 | Construir | Castle |
| 24:43 | Crear | Villager (Male) |
| 24:53 | Construir | House |
| 25:07 | Crear | Demolition Raft |
| 25:14 | Construir | Castle |
| 25:21 | Investigar | Fletching |
| 25:33 | Crear | Villager (Male) |
| 26:01 | Crear | Galley |
| 26:01 | Crear | Galley |
| 26:06 | Construir | House |
| 26:06 | Construir | House |
| 26:17 | Construir | Farm |
| 26:21 | Construir | Farm |
| 26:27 | Construir | Town Center |
| 26:47 | Construir | Farm |
| 26:47 | Construir | Farm |
| 26:47 | Construir | Farm |
| 26:47 | Construir | Farm |
| 26:47 | Construir | Farm |
| 26:48 | Construir | Farm |
| 27:05 | Crear | Villager (Male) |
| 27:10 | Crear | Rattan Archer |
| 27:10 | Crear | Rattan Archer |
| 27:12 | Crear | Villager (Male) |
| 27:33 | Crear | Villager (Male) |
| 27:47 | Crear | Villager (Male) |
| 27:50 | Crear | Fire Lancer |
| 27:51 | Crear | Fire Lancer |
| 27:51 | Crear | Fire Lancer |
| 27:51 | Crear | Fire Lancer |
| 28:15 | Crear | Villager (Male) |
| 28:25 | Crear | Villager (Male) |
| 28:28 | Crear | Villager (Male) |
| 28:32 | Crear | Fire Lancer |
| 28:32 | Crear | Fire Lancer |
Build order — DukeOfShadows
Primeras 150 de 473 acciones detectadas
| 0:03 | Crear | Villager (Male) |
| 0:04 | Crear | Villager (Male) |
| 0:04 | Crear | Villager (Male) |
| 0:05 | Construir | House |
| 0:07 | Construir | House |
| 0:12 | Crear | Villager (Male) |
| 1:50 | Crear | Villager (Male) |
| 2:03 | Crear | Villager (Male) |
| 2:23 | Crear | Villager (Male) |
| 2:42 | Crear | Villager (Male) |
| 3:17 | Investigar | Loom |
| 3:31 | Crear | Villager (Male) |
| 3:31 | Crear | Villager (Male) |
| 3:46 | Crear | Villager (Male) |
| 3:46 | Crear | Villager (Male) |
| 3:52 | Crear | Villager (Male) |
| 4:06 | Construir | Lumber Camp |
| 4:17 | Crear | Villager (Male) |
| 4:18 | Crear | Villager (Male) |
| 4:48 | Crear | Villager (Male) |
| 5:04 | Crear | Villager (Male) |
| 5:08 | Construir | House |
| 5:55 | Crear | Villager (Male) |
| 6:07 | Crear | Villager (Male) |
| 6:48 | Crear | Villager (Male) |
| 7:11 | Crear | Villager (Male) |
| 7:17 | Construir | Mill |
| 7:36 | Crear | Villager (Male) |
| 7:40 | Investigar | Feudal Age |
| 7:49 | Construir | House |
| 7:50 | Construir | House |
| 7:55 | Crear | Villager (Male) |
| 8:54 | Construir | Barracks |
| 9:12 | Crear | Villager (Male) |
| 9:18 | Construir | Mining Camp |
| 9:26 | Crear | Villager (Male) |
| 9:45 | Crear | Villager (Male) |
| 9:50 | Edad | Edad Feudal |
| 9:50 | Crear | Villager (Male) |
| 10:05 | Crear | Militia |
| 10:06 | Crear | Militia |
| 10:26 | Crear | Militia |
| 10:47 | Crear | Villager (Male) |
| 10:57 | Construir | Watch Tower |
| 11:10 | Crear | Villager (Male) |
| 11:21 | Crear | Militia |
| 11:49 | Construir | Mining Camp |
| 12:01 | Crear | Villager (Male) |
| 12:02 | Crear | Villager (Male) |
| 12:17 | Crear | Villager (Male) |
| 12:20 | Crear | Militia |
| 12:25 | Construir | House |
| 12:49 | Crear | Militia |
| 12:59 | Crear | Villager (Male) |
| 12:59 | Crear | Villager (Male) |
| 13:09 | Crear | Villager (Male) |
| 13:09 | Crear | Villager (Male) |
| 13:13 | Construir | Watch Tower |
| 13:23 | Crear | Militia |
| 13:39 | Construir | Lumber Camp |
| 13:41 | Crear | Villager (Male) |
| 14:04 | Construir | House |
| 14:25 | Investigar | Arson |
| 14:44 | Construir | Watch Tower |
| 15:03 | Construir | Dock |
| 15:05 | Crear | Villager (Male) |
| 15:09 | Construir | Farm |
| 15:10 | Construir | Farm |
| 15:10 | Construir | Farm |
| 15:10 | Construir | Farm |
| 15:37 | Construir | House |
| 16:01 | Crear | Militia |
| 16:05 | Construir | Farm |
| 16:05 | Construir | Farm |
| 16:06 | Construir | Farm |
| 16:06 | Construir | Farm |
| 16:06 | Construir | Farm |
| 16:09 | Crear | Villager (Male) |
| 16:12 | Construir | House |
| 16:16 | Construir | House |
| 16:35 | Construir | House |
| 17:21 | Construir | Blacksmith |
| 17:42 | Crear | Villager (Male) |
| 17:42 | Crear | Villager (Male) |
| 17:45 | Construir | Farm |
| 17:46 | Construir | Farm |
| 17:46 | Construir | Farm |
| 17:46 | Construir | Farm |
| 17:55 | Construir | Mining Camp |
| 18:10 | Crear | Villager (Male) |
| 18:33 | Crear | Villager (Male) |
| 18:57 | Crear | Villager (Male) |
| 19:24 | Crear | Villager (Male) |
| 19:26 | Construir | Farm |
| 19:27 | Construir | Farm |
| 19:27 | Construir | Farm |
| 19:30 | Crear | Unit 2626 |
| 19:33 | Crear | Villager (Male) |
| 19:43 | Construir | Mining Camp |
| 19:51 | Construir | Market |
| 19:55 | Construir | Farm |
| 19:56 | Construir | Farm |
| 20:01 | Crear | Unit 2626 |
| 20:01 | Crear | Unit 2626 |
| 20:18 | Crear | Villager (Male) |
| 20:25 | Investigar | Fletching |
| 20:32 | Crear | Unit 2626 |
| 20:40 | Construir | Farm |
| 20:49 | Investigar | Horse Collar |
| 20:51 | Crear | Villager (Male) |
| 20:55 | Crear | Unit 2626 |
| 21:05 | Crear | Villager (Male) |
| 21:40 | Crear | Unit 2626 |
| 21:48 | Construir | House |
| 21:53 | Construir | Farm |
| 22:29 | Crear | Villager (Male) |
| 22:30 | Crear | Villager (Male) |
| 22:38 | Crear | Unit 2626 |
| 23:07 | Investigar | Castle Age |
| 23:19 | Construir | House |
| 23:27 | Construir | Lumber Camp |
| 23:44 | Investigar | Scale Barding Armor |
| 23:52 | Crear | Fire Galley |
| 24:04 | Investigar | Double-Bit Axe |
| 24:10 | Crear | Villager (Male) |
| 24:19 | Crear | Villager (Male) |
| 24:44 | Investigar | Forging |
| 24:54 | Construir | Stable |
| 25:42 | Construir | Stable |
| 25:44 | Construir | Stable |
| 25:50 | Construir | Stable |
| 25:52 | Construir | Stable |
| 25:59 | Edad | Edad de los Castillos |
| 26:05 | Crear | Knight ×4 |
| 26:14 | Crear | Villager (Male) |
| 26:30 | Construir | Town Center |
| 26:35 | Investigar | Husbandry |
| 26:57 | Construir | Town Center |
| 27:11 | Crear | Knight |
| 27:17 | Crear | Villager (Male) |
| 27:22 | Crear | Knight |
| 27:51 | Crear | Villager (Male) |
| 27:59 | Crear | Villager (Male) |
| 27:59 | Crear | Villager (Male) |
| 28:07 | Crear | Villager (Male) |
| 28:08 | Crear | Villager (Male) |
| 28:08 | Crear | Villager (Male) |
| 28:14 | Crear | Villager (Male) |
| 28:14 | Crear | Villager (Male) |
| 28:19 | Construir | Farm |
Cronología de la partida
| 7:05 | Cranve · first_building Dock |
| 8:54 | DukeOfShadows · first_building Barracks |
| 9:50 | DukeOfShadows · age_up feudal |
| 10:47 | Cranve · wall_segment Palisade Wall x1 |
| 11:10 | Cranve · wall_segment Palisade Wall x1 |
| 11:35 | Cranve · age_up feudal |
| 12:06 | Cranve · wall_segment Palisade Wall x1 |
| 12:11 | Cranve · wall_segment Palisade Wall x1 |
| 14:01 | Cranve · wall_segment Palisade Wall x3 |
| 14:02 | Cranve · wall_segment Palisade Wall x1 |
| 14:22 | Cranve · first_building Barracks |
| 15:03 | DukeOfShadows · first_building Dock |
| 15:31 | Cranve · wall_segment Palisade Wall x1 |
| 15:51 | Cranve · first_building Archery Range |
| 21:18 | DukeOfShadows · first_market_sell 100 stone |
| 21:21 | DukeOfShadows · first_market_buy 100 food |
| 21:28 | Cranve · first_market_sell 100 stone |
| 21:31 | Cranve · first_market_buy 100 food |
| 24:25 | Cranve · age_up castle |
| 24:42 | Cranve · first_building Castle |
| 24:54 | DukeOfShadows · first_building Stable |
| 25:59 | DukeOfShadows · age_up castle |
| 30:51 | DukeOfShadows · first_building Monastery |
| 33:28 | DukeOfShadows · first_building Krepost |
| 34:48 | DukeOfShadows · first_building Siege Workshop |
| 37:52 | Cranve · first_building Monastery |
| 41:56 | Cranve · age_up imperial |
| 42:29 | DukeOfShadows · age_up imperial |
| 45:19 | DukeOfShadows · first_building Castle |
| 45:48 | Cranve · first_building Siege Workshop |
| 56:42 | Cranve · resign |
[ ANÁLISIS IA · 1 CRÉDITO ]
¿Qué pasó realmente en esta partida?
Wolo.gg analiza cada decisión: build order, eco, micro, errores típicos por bracket. Análisis personalizado por WhatsApp o Discord en 30 segundos.
Guía civ
Vietnamitas
Guía mapa
MegaRandom
Perfil
Jugador #282702